 Dungeon Crawl Stone Soup version 0.27.1-4-g1640c2035a (webtiles) character file.

Game seed: 3237012173149271282

19861 Elvor the Fighter (level 12, -30/108 HPs)
             Began as a Pale Draconian Conjurer on Nov 5, 2021.
             Was the Champion of the Shining One.
             Annihilated by a dire elephant simulacrum (44 damage)
             ... in an ice cave.
             The game lasted 01:50:58 (10666 turns).

Elvor the Fighter (Pale Draconian Conjurer)        Turns: 10666, Time: 01:50:59

Health: -30/108    AC: 12    Str: 16    XL:     12   Next: 40%
Magic:  16/25      EV: 14    Int: 24    God:    the Shining One [******]
Gold:   879        SH:  0    Dex:  9    Spells: 17/29 levels left

rFire    . . .     SeeInvis .   G - +4 falchion
rCold    . . .     Faith    .   (no shield)
rNeg     + + +     Spirit   .   (armour unavailable)
rPois    .         Reflect  .   (helmet restricted)
rElec    .         Harm     .   (no cloak)
rCorr    .         Rampage  .   k - +2 pair of gloves
Will     .....                  e - +0 pair of boots
Stlth    +.........             g - amulet of regeneration
HPRegen  1.28/turn              F - +6 ring of strength
MPRegen  0.19/turn              I - ring of wizardry

@: slowed, glowing, very slow
A: breathe steam, AC +8, unfitting armour, cold-blooded, steam resistance
a: Breathe Steam, Renounce Religion, Divine Shield, Cleansing Flame, Summon
Divine Warrior, Brand Weapon With Holy Wrath


You were in an ice cave.
You worshipped the Shining One.
The Shining One was exalted by your worship.
You visited 2 branches of the dungeon, and saw 13 of its levels.
You also visited: Ice Cave.

You collected 879 gold pieces.

Inventory:

Hand Weapons
 h - a +4 hunting sling
 E - a +1 dagger of freezing
 G - a +4 falchion (weapon)
Missiles
 c - 358 stones
 d - 8 javelins
 n - 15 boomerangs
 p - 108 sling bullets
 r - 4 silver javelins
 J - 4 poisoned darts
Armour
 e - a +0 pair of boots (worn)
 k - a +2 pair of gloves (worn)
Jewellery
 g - an amulet of regeneration (around neck)
 i - an amulet of the acrobat
 m - an amulet of guardian spirit
 F - a +6 ring of strength (left hand)
 I - a ring of wizardry (right hand)
 O - a +6 ring of dexterity
 S - a +4 ring of slaying
Wands
 v - a wand of charming (4)
 H - a wand of flame (13)
 L - a wand of polymorph (9)
 T - a wand of iceblast (5)
 U - a wand of mindburst (7)
Scrolls
 a - 2 scrolls of blinking
 b - 8 scrolls of teleportation
 j - 3 scrolls of vulnerability
 o - a scroll of silence {unknown}
 t - 4 scrolls of enchant armour
 u - 2 scrolls of enchant weapon {unknown}
 x - 2 scrolls of magic mapping
 y - 2 scrolls of noise {unknown}
 D - a scroll of holy word {unknown}
 K - a scroll of amnesia {unknown}
 Q - a scroll of fear {unknown}
Potions
 f - 2 potions of degeneration
 l - a potion of heal wounds
 q - 3 potions of flight
 s - 2 potions of lignification {unknown}
 w - a potion of might {unknown}
 z - a potion of berserk rage {unknown}
 A - a potion of magic {unknown}
 B - 3 potions of curing
 M - a potion of cancellation {unknown}
 N - 2 potions of resistance {unknown}
 P - a potion of brilliance {unknown}
 R - a potion of ambrosia {unknown}
Miscellaneous
 C - a condenser vane


   Skills:
 * Level 10.8 Fighting
 + Level 2.6(4.0) Short Blades
 + Level 4.5(4.9) Long Blades
 + Level 2.3 Throwing
 + Level 7.9 Dodging
 + Level 5.5 Stealth
 + Level 9.1 Spellcasting
 + Level 10.6 Conjurations
 + Level 3.3 Evocations


You had 17 spell levels left.
You knew the following spells:

 Your Spells              Type           Power      Damage    Failure   Level
a - Magic Dart            Conj           100%       1d8       1%          1
b - Searing Ray           Conj           100%       3d7       1%          2
c - Iskenderun's Mystic   Conj/Tloc      36%        2d9       2%          4
d - Lightning Bolt        Conj/Air       18%        1d32      8%          5

Your spell library contained the following spells:

 Spells                   Type           Power      Damage    Failure   Level
 Static Discharge         Conj/Air       36%        N/A       1%          2
 Dazzling Flash           Conj/Hex       72%        N/A       1%          3
 Fulminant Prism          Conj/Hex       18%        3d11      2%          4
 Ensorcelled Hibernation  Hex/Ice        20%        N/A       3%          2
 Spider Form              Tmut/Pois      5%         N/A       7%          3
 Alistair's Intoxication  Tmut/Pois      6%         N/A       52%         5
 Borgnjor's Vile Clutch   Necr/Erth      5%         N/A       52%         5
 Eringya's Noxious Bog    Tmut/Pois      5%         N/A       96%         6
 Shadow Creatures         Summ           N/A        N/A       96%         6
 Maxwell's Capacitive Co  Air            5%         ∞         100%        8
 Chain Lightning          Conj/Air       18%        3d24      100%        9
 Fire Storm               Conj/Fire      18%        8d5       100%        9


Dungeon Overview and Level Annotations

Branches:
Dungeon (12/15)            Temple (1/1) D:5            Lair (0/6) D:11
    Orc (0/2) D:11          IceCv (1/1)

Altars:
Ashenzari
Cheibriados
Dithmenos
Elyvilon
Fedhas
Gozag
Hepliaklqana
Kikubaaqudgha
Makhleb
Nemelex Xobeh
Okawaru
Qazlal
Ru
Sif Muna
Trog
Uskayaw
Vehumet
Wu Jian
Xom
Yredelemnul
Zin
The Shining One

Annotations:
D:9 3 runed translucent doors IceCv exclusion: ice statue


Innate Abilities, Weirdness & Mutations

You can breathe blasts of scalding, opaque steam.
Your pale cyan-grey scales are hard. (AC +8)
You cannot fit into any form of body armour.
You are cold-blooded and may be slowed by cold attacks.
You are immune to the effects of steam.


Message History

The dire elephant simulacrum tramples you!
The dire elephant simulacrum freezes you!!!
You feel yourself slow down.
The dire elephant simulacrum trunk-slaps you.
The dire elephant simulacrum freezes you!!!
You feel as though you will be slow longer.
* * * LOW HITPOINT WARNING * * *
You feel much better.
The dire elephant simulacrum closely misses you.
The dire elephant simulacrum trunk-slaps you.
The dire elephant simulacrum freezes you!!
* * * LOW HITPOINT WARNING * * *
The dire elephant simulacrum tramples you but does no damage.
The dire elephant simulacrum misses you.
You feel yourself speed up.
Aiming: Searing Ray (safe; 1% risk of failure)
Press: ? - help, Q - select action, (/) - cycle Shift-Dir - straight line, f/p - dire elephant simulacrum
Aim: a dire elephant simulacrum (severely damaged, haloed, 100% to hit)
The searing ray hits the dire elephant simulacrum.
The dire elephant simulacrum is almost destroyed. (Press . to maintain the ray.)
The searing ray hits the dire elephant simulacrum.
The dire elephant simulacrum is almost destroyed.
The dire elephant simulacrum tramples you!
* * * LOW HITPOINT WARNING * * *
The dire elephant simulacrum freezes you!!!
You feel yourself slow down. The Shining One protects you from harm!
The dire elephant simulacrum trunk-slaps you but does no damage.
The searing ray hits the dire elephant simulacrum.
The dire elephant simulacrum is almost destroyed.
The dire elephant simulacrum tramples you.
* * * LOW HITPOINT WARNING * * *
The dire elephant simulacrum freezes you!
The Shining One protects you from harm!
The dire elephant simulacrum trunk-slaps you.
* * * LOW HITPOINT WARNING * * *
The dire elephant simulacrum freezes you!!!
You feel as though you will be slow longer.
You die...

#.# #.# ##.#
##..# #..##
##.## #..#
#Z## #.@##
##..## #...#
. #...# #...
###..#
..#≈##≈#..#
##≈≈#≈≈##.#
#≈≈≈≈≈≈##.#
##≈≈≈≈≈≈#.##


You could see a dire elephant simulacrum.

Vanquished Creatures
  2 hydras
  6 two-headed ogres
  A wizard (D:12)
  A wolf spider (D:12)
  An ugly thing (D:11)
  A manticore (D:11)
  2 kobold demonologists
  An anaconda simulacrum (IceCv)
  3 trolls
  A hornet (D:8)
  Grinder (D:6)
  4 shadows
  2 wyverns
  A vampire (D:11)
  14 yaks
  2 vampire mosquitoes (D:10)
  A steam dragon (D:8)
  A death yak simulacrum (IceCv)
  A two-headed ogre zombie (D:11)
  3 wargs (D:11)
  Menkaure (D:7)
  3 water moccasins
  A sky beast (D:4)
  5 orc warriors
  3 ice beasts
  3 necrophages
  2 black bears
  4 ogres
  5 centaurs
  A phantom (D:11)
  2 kobold brigands
  3 bullfrogs (D:8)
  5 two-headed ogre simulacra (IceCv)
  2 cane toad simulacra (IceCv)
  3 scorpions
  A water moccasin zombie (D:5)
  A wyvern skeleton (D:5)
  3 troll zombies (D:11)
  32 killer bees
  4 wights (D:6)
  6 howler monkeys
  3 centaur zombies
  A hound (D:7)
  A jelly (D:7)
  7 orc priests
  A centaur skeleton (D:6)
  A gnoll shaman (D:8)
  A bullfrog skeleton (D:6)
  4 iguanas
  5 orc wizards
  2 troll simulacra (IceCv)
  A spriggan simulacrum (IceCv)
  A wolf simulacrum (IceCv)
  A killer bee zombie (D:7)
  4 ogre zombies (D:11)
  8 gnolls
  2 howler monkey zombies
  9 adders
  4 naga simulacra (IceCv)
  2 shadow imps
  8 white imps (IceCv)
  7 ufetubi
  2 worms
  A dart slug (D:4)
  18 orcs
  5 bats
  5 endoplasms
  4 giant cockroaches
  6 hobgoblins
  4 jackals
  3 quokkas
  3 ball pythons
  4 frilled lizards
  4 goblins
  4 goblin skeletons (D:11)
  3 goblin zombies (D:11)
  2 hobgoblin skeletons (D:11)
  5 hobgoblin zombies (D:11)
  12 kobolds
  An orc skeleton (D:11)
  10 orc zombies (D:11)
  4 rats (D:2)
312 creatures vanquished.

Vanquished Creatures (others)
  A white imp (IceCv)
  4 toadstools (D:1)
5 creatures vanquished.

Grand Total: 317 creatures vanquished

Notes
Turn   | Place    | Note
-------+----------+-------------------------------------------
     0 | D:1      | Elvor the Draconian Conjurer began the quest for the Orb.
     0 | D:1      | Reached XP level 1. HP: 14/14 MP: 3/3
    99 | D:1      | Found a faded altar of an unknown god.
   298 | D:1      | Reached XP level 2. HP: 20/22 MP: 0/5
   301 | D:1      | Learned a level 2 spell: Searing Ray
   730 | D:1      | Reached skill level 1 in Fighting
  1050 | D:2      | Reached XP level 3. HP: 28/28 MP: 2/6
  1155 | D:2      | Reached skill level 1 in Short Blades
  1192 | D:2      | Reached XP level 4. HP: 35/35 MP: 0/7
  1851 | D:3      | Reached skill level 5 in Conjurations
  2139 | D:4      | Noticed a black bear
  2145 | D:4      | Killed a black bear
  2146 | D:4      | Reached XP level 5. HP: 42/42 MP: 0/9
  2425 | D:4      | Found a shadowy altar of Dithmenos.
  2459 | D:4      | Noticed a sky beast
  2466 | D:4      | Killed a sky beast
  2467 | D:4      | Reached XP level 6. HP: 50/50 MP: 1/11
  2658 | D:5      | Entered Level 5 of the Dungeon
  2709 | D:5      | Your scales start taking on a pale cyan-grey colour.
  2709 | D:5      | Reached XP level 7. HP: 57/57 MP: 6/13
  2709 | D:5      | Gained mutation: You are immune to the effects of steam.
                  | [Pale Draconian growth]
  2748 | D:5      | Found a white marble altar of Elyvilon.
  3101 | D:5      | Found an ornate altar of the Wu Jian Council.
  3248 | D:5      | Found a staircase to the Ecumenical Temple.
  3252 | Temple   | Entered the Ecumenical Temple
  3288 | Temple   | Became a worshipper of the Shining One
  3639 | D:5      | Reached XP level 8. HP: 65/67 MP: 1/15
  3775 | D:6      | Reached skill level 5 in Spellcasting
  3942 | D:6      | Noticed Grinder
  3961 | D:6      | Paralysed by Grinder for 3 turns
  3967 | D:6      | Killed Grinder
  3968 | D:6      | Reached skill level 5 in Fighting
  4032 | D:6      | Reached * piety under the Shining One
  4156 | D:6      | Reached skill level 1 in Evocations
  4258 | D:6      | Reached XP level 9. HP: 75/75 MP: 5/18
  4879 | D:7      | Found a basalt altar of Yredelemnul.
  4925 | D:7      | Noticed Menkaure
  4931 | D:7      | Killed Menkaure
  4951 | D:7      | Found a sacrificial altar of Ru.
  5110 | D:7      | Reached ** piety under the Shining One
  6049 | D:8      | Found an iron altar of Okawaru.
  6147 | D:8      | Noticed an eight-headed hydra
  6363 | D:8      | Reached XP level 10. HP: 86/86 MP: 16/20
  6384 | D:8      | Paralysed by a hornet for 3 turns
  6472 | D:8      | Killed an eight-headed hydra
  6473 | D:8      | Reached skill level 5 in Dodging
  6550 | D:9      | Found a runed translucent gate.
  6550 | D:9      | Found a runed translucent gate.
  6551 | D:9      | Noticed a brown very ugly thing
  6551 | D:9      | Noticed a cyan ugly thing
  6551 | D:9      | Noticed a purple ugly thing
  6552 | D:9      | Noticed a glowing orange brain
  6553 | D:9      | Noticed a white ugly thing
  6554 | D:9      | Found a runed translucent gate.
  6554 | D:9      | Noticed a purple ugly thing
  6612 | D:9      | Reached skill level 1 in Long Blades
  6761 | D:9      | Found a broken altar of Ashenzari.
  6894 | D:9      | Noticed a two-headed ogre
  6900 | D:9      | Killed a two-headed ogre
  6930 | D:9      | Reached skill level 5 in Stealth
  6945 | D:9      | Found a radiant altar of Vehumet.
  7206 | D:10     | Entered Level 10 of the Dungeon
  7348 | D:10     | Noticed a two-headed ogre
  7394 | D:10     | Killed a two-headed ogre
  7395 | D:10     | Reached XP level 11. HP: 60/95 MP: 15/23
  7597 | D:10     | Reached *** piety under the Shining One
  7676 | D:10     | Noticed a two-headed ogre
  7705 | D:9      | Reached skill level 10 in Conjurations
  7829 | D:9      | Killed a two-headed ogre
  8154 | D:10     | Found a shimmering altar of Xom.
  8498 | D:11     | Noticed a two-headed ogre
  8506 | D:11     | Killed a two-headed ogre
  8530 | D:11     | Noticed a red ugly thing
  8542 | D:11     | HP: 2/97 [red ugly thing (20)]
  8547 | D:11     | Killed a red ugly thing
  8656 | D:11     | Found a staircase to the Orcish Mines.
  8656 | D:11     | Reached **** piety under the Shining One
  8754 | D:11     | Reached ***** piety under the Shining One
  8891 | D:11     | Found a staircase to the Lair.
  8945 | D:11     | Reached skill level 1 in Throwing
  9058 | D:11     | Reached skill level 10 in Fighting
  9061 | D:11     | Noticed a two-headed ogre
  9312 | D:11     | Reached XP level 12. HP: 106/106 MP: 8/24
  9384 | D:10     | Noticed a two-headed ogre
  9395 | D:10     | Killed a two-headed ogre
  9507 | D:11     | Killed a two-headed ogre
  9768 | D:11     | Learned a level 4 spell: Iskenderun's Mystic Blast
  9774 | D:11     | Learned a level 5 spell: Lightning Bolt
 10016 | D:12     | Noticed an eight-headed hydra
 10026 | D:12     | Killed an eight-headed hydra
 10055 | D:12     | Found a frozen archway.
 10087 | IceCv    | Entered an ice cave
 10225 | IceCv    | Reached ****** piety under the Shining One
 10665 | IceCv    | The Shining One protects you from harm!
 10666 | IceCv    | The Shining One protects you from harm!
 10666 | IceCv    | Annihilated by a dire elephant simulacrum

Illustrated notes

Levels and vault maps discovered:
D:1:      ldierk_water_garden, layout_loops_corners, basic_ecumenical_altar
D:2:      layout_rooms, kennysheep_potato
D:3:      layout_rooms
D:4:      layout_gridville, nicolae_dithmenos_the_darkroom
D:5:      layout_gridville, elyvilon_altar_4, mainiacjoe_overflow_brackets,
          temple_hall_moat, minmay_misc_feat_iff, st_stairs_1
D:6:      layout_gridville, uniq_grinder
D:7:      layout_gridville, general_overflow_altar, nicolae_ru_path_of_blood,
          dk_noncrumbling_2, minmay_fountain_box, hangedman_glass_teeth,
          uniq_menkaure
D:8:      minmay_bubble_buster, layout_gridville, kennysheep_mini
D:9:      layout_roguey, cheibrodos_ashenzari_chains,
          nicolae_vehumet_altar_sigil,
          ploomutoo_gammafunk_ghost_potion_laboratory, grunt_ministairs_12
D:10:     wad_woods_minihive, layout_cave_pools,
          mainiacjoe_overflow_surrounded_room
D:11:     minmay_razor_zed, layout_long_grid, erik_lair_orcish_takeover,
          zombieorc2_lemuel
D:12:     layout_grid_maze, portal_ice_cave_entry_pillars_2
Temple:   cyrus_circular_temple
IceCv:    ice_cave_caverns_02

Skill      XL: |  1  2  3  4  5  6  7  8  9 10 11 12 |
---------------+-------------------------------------+-----
Fighting       | 1 2 3 4 5 7 8 10 | 10.8
Stealth        | 2 3 4 5 |  5.5
Short Blades   | 1 2 |  2.6
Conjurations   | 5 6 7 8 9 10 | 10.6
Dodging        | 2 3 4 6 7 |  7.9
Spellcasting   | 3 4 6 8 9 |  9.1
Evocations     | 1 2 3 |  3.3
Long Blades    | 1 3 4 |  4.5
Throwing       | 1 2 |  2.3

Action                   |  1- 3 |  4- 6 |  7- 9 | 10-12 || total
-------------------------+-------+-------+-------+-------++-------
Melee: Dagger            |    14 |       |    12 |       ||    26
       Short sword       |     2 |     7 |     9 |       ||    18
       Tailslap          |     1 |       |     1 |    13 ||    15
       Falchion          |       |       |       |    30 ||    30
Throw: Boomerang         |       |     1 |       |       ||     1
       Dart              |       |       |       |    12 ||    12
       Throwing net      |       |       |       |     3 ||     3
 Cast: Magic Dart        |    46 |    50 |     3 |       ||    99
       Searing Ray       |     4 |    15 |    69 |   166 ||   254
       Iskenderun's Myst |       |       |       |     2 ||     2
Evoke: Wand              |       |       |     9 |    16 ||    25
  Use: Scroll            |       |       |     6 |     5 ||    11
       Potion            |       |       |       |     1 ||     1
Armor: Skin              |     5 |     9 |    36 |   123 ||   173
Dodge: Dodged            |    11 |    10 |    44 |   227 ||   292
       Rpst.: Falchion   |       |       |     3 |    56 ||    59
